 Dungeon Crawl Stone Soup version 0.26.1-11-gd32895ea62 (webtiles) character file.

Game seed: 10680181297498688668

179 ubername the Ogre Mage (level 5, -1/55 HPs)
             Began as an Ogre Fire Elementalist on June 18, 2021.
             Slain by a gnoll
             ... wielding a +0 whip
              (5 damage)
             ... on level 4 of the Dungeon.
             The game lasted 00:13:19 (4767 turns).

ubername the Ogre Mage (Ogre Fire Elementalist)     Turns: 4767, Time: 00:13:20

Health: -1/55      AC:  4    Str:  9 (12) XL:     5   Next: 59%
Magic:  0/9        EV: 10    Int: 17      God:
Gold:   257        SH:  0    Dex:  7 (9)  Spells: 2/10 levels left

rFire    + . .     SeeInvis .   h - +0 dagger
rCold    . . .     Faith    .   (no shield)
rNeg     . . .     Spirit   .   a - +0 robe
rPois    .         Reflect  .   (helmet restricted)
rElec    .         Harm     .   f - +0 cloak
rCorr    .         Rampage  .   (gloves unavailable)
Will     .....                  (boots unavailable)
Stlth    +.........             (no amulet)
HPRegen  0.18/turn              j - ring of flight
MPRegen  0.11/turn              (no ring)

@: very slightly contaminated
A: large, unfitting armour, fire resistance 1, mutation resistance 1, robust 1,
tough skin 1
a: Evoke Flight


You were on level 4 of the Dungeon.
You visited 1 branch of the dungeon, and saw 4 of its levels.

You collected 257 gold pieces.

Inventory:

Hand Weapons
 h - a +0 dagger (weapon)
 q - a +0 hunting sling of freezing
Missiles
 e - 177 stones
 k - 28 poisoned darts (quivered)
 l - 21 sling bullets
 r - 3 boomerangs
Armour
 a - a +0 robe (worn)
 f - a +0 cloak (worn)
 s - a +3 kite shield
Magical Staves
 p - an uncursed staff of air
Jewellery
 d - an uncursed ring of ice
 j - a ring of flight (left hand)
Scrolls
 b - a scroll of identify
 c - a scroll of enchant armour
 g - a scroll of fear
 i - 6 scrolls of remove curse
 m - 3 scrolls of teleportation
 t - a scroll of fog
Potions
 n - a potion of berserk rage
 o - 2 potions of curing
 u - a potion of attraction {unknown}


   Skills:
 + Level 2.5 Fighting
 + Level 0.9 Short Blades
 + Level 2.1 Dodging
 + Level 1.7 Stealth
 * Level 0.1 Shields
 * Level 3.2 Spellcasting
 * Level 2.2 Conjurations
 * Level 1.4 Hexes
 + Level 3.1 Fire Magic


You had 2 spell levels left.
You knew the following spells:

 Your Spells              Type           Power        Failure   Level
a - Foxfire               Conj/Fire      44%          5%          1
b - Conjure Flame         Conj/Fire      11%          17%         3
c - Sticky Flame          Conj/Fire      11%          50%         4

Your spell library contained the following spells:

 Spells                   Type           Power        Failure   Level
 Inner Flame              Hex/Fire       10%          21%         3
 Fireball                 Conj/Fire      5%           83%         5


Dungeon Overview and Level Annotations

Branches:
Dungeon (4/15)
 Temple: D:4-7

Altars:
Dithmenos
Hepliaklqana
Vehumet
Yredelemnul

Annotations:
D:3 2 transporters, PaiMei's ghost, amateur DsNe


Innate Abilities, Weirdness & Mutations

You are too large for most types of armour.
You have tough skin. (AC +1)
Your flesh is heat resistant. (rF+)
You are somewhat resistant to further mutation.
You are robust. (+10% HP)


Message History

Confirm with . or Enter, or press ? or * to list all spells.
You miscast Conjure Flame.
You are very lightly contaminated with residual magic.
Flames sear your flesh. You resist.
* * * LOW HITPOINT WARNING * * *
The gnoll barely misses you.
Casting: Conjure Flame (dangerous; 17% risk of failure)
Confirm with . or Enter, or press ? or * to list all spells.
The fire begins to smolder!
The gnoll hits you but does no damage.
The gnoll smothers the flame.
Casting: Conjure Flame (dangerous; 17% risk of failure)
Confirm with . or Enter, or press ? or * to list all spells.
You don't have enough magic to cast that spell.
You hit the gnoll.
The gnoll is almost dead.
The gnoll closely misses you.
You barely miss the gnoll.
The gnoll is almost dead.
The gnoll hits you with a +0 whip.
You die...

.........'............+.....#
.........######.......##.##.#
................[.....##.##.#
##############........##.##.#
# ...............##'##'##
#.###########.#####.........#
............).)...#.........#
#......#####.###.#.........#
#......# #@g...#.........#
#......# #######.........#
#####+## #.........#
#.......>.# #.........#
####......# #......# #......#
#......#


You could see a gnoll.

Vanquished Creatures
  A hound (D:4)
  3 gnolls
  3 adders
  An ooze (D:4)
  An adder zombie (D:2)
  4 adder skeletons (D:2)
  4 worms
  A leopard gecko (D:2)
  An orc (D:3)
  3 bat skeletons (D:2)
  5 giant cockroaches
  6 goblins
  10 hobgoblins
  7 kobolds
  A quokka (D:2)
  3 bats (D:1)
  3 frilled lizards
  A quokka skeleton (D:2)
  6 rats
64 creatures vanquished.

Vanquished Creatures (collateral kills)
  2 foxfires (D:3)
2 creatures vanquished.

Vanquished Creatures (others)
  165 foxfires
  A withered plant (D:2)
166 creatures vanquished.

Grand Total: 232 creatures vanquished

Notes
Turn   | Place    | Note
-------+----------+-------------------------------------------
     0 | D:1      | ubername the Ogre Fire Elementalist began the quest for the
                  | Orb.
     0 | D:1      | Reached XP level 1. HP: 16/16 MP: 3/3
   233 | D:1      | Reached XP level 2. HP: 6/24 MP: 5/5
   554 | D:1      | Reached skill level 1 in Conjurations
   646 | D:1      | Reached XP level 3. HP: 25/31 MP: 0/7
   658 | D:1      | Learned a level 3 spell: Conjure Flame
  1340 | D:2      | Gained mutation: You are robust. (+10% HP) [potion of
                  | mutation]
  1340 | D:2      | Gained mutation: You are somewhat resistant to further
                  | mutation. [potion of mutation]
  1340 | D:2      | Gained mutation: Your flesh is heat resistant. (rF+)
                  | [potion of mutation]
  1703 | D:2      | Found a radiant altar of Vehumet.
  1890 | D:2      | Reached skill level 1 in Hexes
  1928 | D:2      | Reached XP level 4. HP: 33/44 MP: 3/8
  2036 | D:2      | Reached skill level 1 in Fighting
  2349 | D:3      | Learned a level 4 spell: Sticky Flame
  2363 | D:3      | Found a hazy altar of Hepliaklqana.
  2363 | D:3      | Found a shadowy altar of Dithmenos.
  2364 | D:3      | Noticed a shadow
  2366 | D:3      | Found a basalt altar of Yredelemnul.
  2630 | D:3      | Found a transporter.
  2636 | D:3      | Found a transporter.
  2659 | D:3      | Noticed PaiMei's ghost (amateur DsNe)
  3518 | D:4      | Reached XP level 5. HP: 41/52 MP: 4/9
  3562 | D:4      | HP: 1/52 [worm (7)]
  3968 | D:4      | Noticed an ogre
  4760 | D:4      | HP: 2/55 [something (4)]
  4767 | D:4      | Slain by a gnoll

Illustrated notes

Levels and vault maps discovered:
D:1:      shiori_arrival_maze, layout_basic
D:2:      layout_basic, overflow_temple_1_default, serial_undead,
          serial_undead_d, serial_undead_d, serial_undead_f, serial_undead_d,
          serial_undead_c, serial_undead_c, serial_undead_f,
          hangedman_feature_mirror
D:3:      layout_loops_ring, riverfiend_overflow_shadow_ancestor,
          yredelemnul_altar_generic, gammafunk_ghost_stat_death
D:4:      layout_basic, serial_shops, nicolae_shop_window_shopping

Skill      XL: |  1  2  3  4  5 |
---------------+----------------+-----
Conjurations   | 1 2 |  2.2
Fire Magic     | 3 |  3.1
Spellcasting   | 3 |  3.2
Hexes          | 1 |  1.4
Fighting       | 1 2 |  2.5
Dodging        | 2 |  2.1
Short Blades   | |  0.9
Stealth        | |  1.7
Shields        | |  0.1

Action                   |  1- 3 |  4- 6 || total
-------------------------+-------+-------++-------
Melee: Dagger            |    68 |   130 ||   198
       Unarmed           |     5 |       ||     5
Throw: Dart              |       |     6 ||     6
 Cast: Foxfire           |    45 |    59 ||   104
       Conjure Flame     |     5 |     6 ||    11
  Use: Scroll            |     7 |     2 ||     9
       Potion            |     3 |     3 ||     6
 Stab: Sleeping          |     2 |       ||     2
Armor: Robe              |    28 |    37 ||    65
Dodge: Dodged            |    52 |    95 ||   147
Block: Kite shield       |       |    11 ||    11
